 Dungeon Sprint DCSS version 0.24.0-37-gcf1ca852f1 (webtiles) character file.

Game seed: 2763206629628766987, levelgen mode: deterministic

1248 Cryoshakespeare the Earth Mage (level 8, -9/62 HPs)
             Began as a Deep Dwarf Earth Elementalist on Nov 23, 2019.
             Was a Follower of Qazlal.
             Mangled by a demonic crawler (10 damage)
             ... in the Dungeon (Sprint I: "Red Sonja").
             The game lasted 00:02:46 (540 turns).

Cryoshakespeare the Earth Mage (DDEE)                Turns: 540, Time: 00:02:47

Health: -9/62      AC:  2    Str: 13    XL:     8   Next: 26%
Magic:  7/21       EV: 12    Int: 17    God:    Qazlal [*.....]
Gold:   405        SH:  2    Dex: 13    Spells: 20/26 levels left

rFire    . . .     SeeInvis .   (no weapon)
rCold    . . .     Gourm    .   (no shield)
rNeg     . . .     Faith    .   c - +0 robe
rPois    .         Spirit   .   (no helmet)
rElec    .         Reflect  .   (no cloak)
rCorr    .         Harm     .   (no gloves)
MR       +....     NoTele   +   (no boots)
Stlth    ++........             (no amulet)
HPRegen  0.00/turn              (no ring)
MPRegen  0.17/turn              (no ring)

@: non-regenerating, hasted, very quick
A: damage resistance, heal wounds, sense surroundings 1, no regeneration
a: Heal Wounds, Renounce Religion


You were in the Dungeon.
You worshipped Qazlal.
Qazlal was aware of your devotion.
You were very hungry.

You visited 1 branch You collected 405 gold pieces.

Inventory:

Missiles
 b - 16 stones (quivered)
Armour
 c - a +0 robe (worn)
Scrolls
 i - a scroll of identify {unknown}
 j - a scroll of blinking
 k - a scroll of brand weapon {unknown}
Potions
 e - a potion of curing
 h - 2 potions of magic
Comestibles
 d - a ration


   Skills:
 - Level 2.1 Dodging
 - Level 2.4 Stealth
 + Level 9.7 Spellcasting
   Level 0.8 Transmutations
 + Level 17.7 Earth Magic


You had 20 spell levels left.
You knew the following spells:

 Your Spells              Type           Power        Failure   Level  Hunger
a - Sandblast             Erth           ######       0%          1    None
b - Lee's Rapid Deconstr  Erth           ######....   1%          5    #####..

Your spell library contained the following spells:

 Spells                   Type           Power        Failure   Level  Hunger
 Passwall                 Tmut/Erth      #####...     1%          2    None
 Stone Arrow              Conj/Erth      #####.       1%          3    None
 Petrify                  Tmut/Erth      #####...     1%          4    ###....


Dungeon Overview and Level Annotations

Branches:
Dungeon (1/1)

Altars:
Cheibriados
Dithmenos
Elyvilon
Fedhas
Gozag
Hepliaklqana
Kikubaaqudgha
Makhleb
Nemelex Xobeh
Okawaru
Qazlal
Ru
Sif Muna
Trog
Uskayaw
Vehumet
Wu Jian
Xom
Yredelemnul
Zin
The Shining One
Jiyva
Lugonu

Shops:
D %


Innate Abilities, Weirdness & Mutations

You are resistant to damage.
You can heal yourself by infusing magical energy.
You passively map a small area around you.
You do not regenerate.


Message History

a +0 dagger; a +0 robe You feel much better.
The demonic crawler closely misses you. x2
The demonic crawler hits you.
The demonic crawler is engulfed in freezing vapours.
You block the demonic crawler's attack. The demonic crawler barely misses you.
The demonic crawler hits you.
You feel yourself speed up. The demonic crawler barely misses you.
The demonic crawler hits you but does no damage.
The demonic crawler hits you!
* * * LOW HITPOINT WARNING * * *
The demonic crawler hits you!
* * * LOW HITPOINT WARNING * * *
The demonic crawler hits you.
* * * LOW HITPOINT WARNING * * *
The demonic crawler closely misses you.
The demonic crawler is engulfed in freezing vapours.
The demonic crawler hits you. x2; The demonic crawler hits you!
* * * LOW HITPOINT WARNING * * *
The demonic crawler hits you!
You die...

#################### *
* *
').#..'..#__#.)'@ss#,
#..').#..'^.'..#ss.##+#
*
##'#####'#__####...'..#
, * #..#...#.####
#####..+ ####..##.# *,,
## , ___##'#_.+ , *
∩...÷..._# , *,,* ,,,
.__##_.#+#* * +*
___###+#, , , + , **


You could see 4 demonic crawlers.

Vanquished Creatures
  2 kobold demonologists (D)
  A slime creature (D)
  Sigmund (D)
  A yak (D)
  A floating eye (D)
  An ogre (D)
  A jelly (D)
  Ijyb (D)
9 creatures vanquished.

Notes
Turn   | Place    | Note
-------+----------+-------------------------------------------
     0 | D        | Cryoshakespeare the Deep Dwarf Earth Elementalist began the
                  | quest for the Orb.
     0 | D        | Reached XP level 1. HP: 15/15 MP: 3/3
     1 | D        | Noticed Ijyb
    37 | D        | Killed Ijyb
    37 | D        | Reached skill level 8 in Earth Magic
    37 | D        | Reached XP level 2. HP: 1/22 MP: 2/4
    60 | D        | Noticed an ogre
    62 | D        | Killed an ogre
    62 | D        | Reached skill level 12 in Earth Magic
    62 | D        | Reached XP level 3. HP: 27/28 MP: 2/5
    62 | D        | Reached XP level 4. HP: 35/36 MP: 2/6
   102 | D        | Noticed Sigmund
   105 | D        | Killed Sigmund
   105 | D        | Reached skill level 5 in Spellcasting
   105 | D        | Reached skill level 14 in Earth Magic
   105 | D        | Reached XP level 5. HP: 39/42 MP: 4/12
   180 | D        | Learned a level 5 spell: Lee's Rapid Deconstruction
   192 | D        | Found an ornate altar of the Wu Jian Council.
   192 | D        | Found a shimmering blue altar of Sif Muna.
   194 | D        | Found a radiant altar of Vehumet.
   196 | D        | Reached XP level 6. HP: 46/49 MP: 12/14
   212 | D        | Found Pecahew's Food Emporium.
   212 | D        | Found an ancient bone altar of Kikubaaqudgha.
   212 | D        | Found a hazy altar of Hepliaklqana.
   212 | D        | Found a stormy altar of Qazlal.
   212 | D        | Found a hide-covered altar of Uskayaw.
   212 | D        | Found a blossoming altar of Fedhas.
   212 | D        | Found a bloodstained altar of Trog.
   212 | D        | Found an iron altar of Okawaru.
   212 | D        | Found a basalt altar of Yredelemnul.
   212 | D        | Found a glowing golden altar of the Shining One.
   212 | D        | Found a snail-covered altar of Cheibriados.
   212 | D        | Found a sacrificial altar of Ru.
   212 | D        | Found a glowing silver altar of Zin.
   212 | D        | Found a shadowy altar of Dithmenos.
   212 | D        | Found a white marble altar of Elyvilon.
   212 | D        | Noticed a yak
   215 | D        | Killed a yak
   215 | D        | Reached skill level 15 in Earth Magic
   216 | D        | Found an opulent altar of Gozag.
   219 | D        | Found a sparkling altar of Nemelex Xobeh.
   222 | D        | Became a worshipper of Qazlal Stormbringer
   294 | D        | Found a burning altar of Makhleb.
   294 | D        | Found a shimmering altar of Xom.
   294 | D        | Noticed a slime creature
   298 | D        | Killed a slime creature
   298 | D        | Reached skill level 16 in Earth Magic
   298 | D        | Reached XP level 7. HP: 49/55 MP: 5/18
   379 | D        | Found a viscous altar of Jiyva.
   379 | D        | Found a corrupted altar of Lugonu.
   393 | D        | Noticed a kobold demonologist
   397 | D        | Killed a kobold demonologist
   397 | D        | Reached * piety under Qazlal
   397 | D        | Reached skill level 17 in Earth Magic
   405 | D        | Noticed a kobold demonologist
   408 | D        | Noticed a smoke demon
   410 | D        | Noticed an ice devil
   410 | D        | Killed a kobold demonologist
   410 | D        | Reached XP level 8. HP: 56/62 MP: 1/21
   533 | D        | Noticed a demonic crawler
   533 | D        | Noticed a demonic crawler
   533 | D        | Noticed a demonic crawler
   533 | D        | Noticed a demonic crawler
   540 | D        | HP: 1/62 [demonic crawler (6)]
   540 | D        | Mangled by a demonic crawler

Levels and vault maps discovered:
D:        dungeon_sprint_1 [red_sonja_temple_1, red_sonja_temple_small_1]

Skill      XL: |  1  2  3  4  5  6  7 |
---------------+----------------------+-----
Earth Magic    | 8 12 14 16 17 | 17.7
Spellcasting   | 5 7 9 |  9.7
Dodging        | |  2.1
Stealth        | |  2.4
Transmutations | |  0.8

Action                   |  1- 3 |  4- 6 |  7- 9 || total
-------------------------+-------+-------+-------++-------
Melee: Unarmed           |    24 |       |       ||    24
 Cast: Sandblast         |     4 |     6 |     4 ||    14
       Lee's Rapid Decon |       |     2 |     7 ||     9
 Abil: Heal Wounds       |     1 |       |       ||     1
  Use: Potion            |     1 |       |     2 ||     3
Armor: Robe              |     4 |       |     3 ||     7
       Skin              |     4 |       |       ||     4
Dodge: Dodged            |     8 |     1 |    11 ||    20
Block: Other             |       |       |     1 ||     1
